Map: Acropolis LE

Players

DnS - Winner!

  • Race: Protoss Protoss
  • Spawn Location: 11:00

ButAlways

  • Race: Protoss Protoss
  • Spawn Location: 5:00

VOD

Have the link to the VOD?

Description

Time

  • Played on: Sept. 6, 2019, 9:16 p.m.
  • Length: 13:04
Show
View Real Time Build Order
Export as new Build Order

DnS Protoss - Winner!

Build Orders:  

Get SALT Encoding   

  12  0:00  Probe  
  13  0:12  Probe  
  14  0:18  Pylon  
  14  0:24  Probe  
  15  0:32  Probe  
  15  0:38  Gateway  
  15  0:40  Probe  
  16  0:46  Assimilator  
  17  0:51  Probe  
  17  0:54  Assimilator  
  18  1:00  Probe  
  19  1:07  Gateway  
  19  1:08  Probe  
  19  1:17  Probe  
  20  1:25  Cybernetics Core  
  21  1:30  Probe  
  22  1:32  Pylon  
  22  1:42  Probe  
  23  2:01  Stalker x2  
  27  2:03  Robotics Facility  
  27  2:11  Warp Gate  
  27  2:17  Pylon  
  27  2:21  Pylon  
  27  2:31  Adept x2  
  31  2:41  Immortal  
  34  3:05  Pylon  
  34  3:14  Immortal  
  36  3:29  Gateway  
  36  3:37  Shield Battery  
  36  3:54  Warp Prism  
  38  4:00  Stalker  
  38  4:01  Stalker  
  42  4:09  Pylon  
  42  4:23  Stalker  
  36  4:28  Stalker  
  36  4:33  Stalker  
  38  4:52  Observer  
  36  4:56  Sentry  
  36  4:57  Stalker x2  
  43  5:20  Warp Prism  
  43  5:25  Sentry, Stalker  
  43  5:26  Stalker  
  51  5:48  Pylon  
  51  5:55  Sentry  
  53  6:00  Sentry  
  55  6:17  Stalker  
  57  6:20  Sentry  
  57  6:23  Pylon  
  58  6:28  Stalker  
  56  6:36  Probe  
  54  6:44  Probe, Stalker  
  54  6:54  Probe  
  55  7:06  Probe  
  56  7:11  Stalker  
  58  7:18  Probe  
  58  7:22  Sentry  
  61  7:31  Stalker  
  61  7:33  Probe  
  49  8:03  Sentry  
  49  8:04  Stalker  
  51  8:29  Robotics Bay  
  51  8:37  Adept x2  
  51  8:38  Zealot  
  51  8:40  Probe  
  55  8:52  Probe  
  56  9:05  Disruptor  
  57  9:32  Disruptor  
  58  10:06  Disruptor  
  58  10:23  Nexus  
  58  10:37  Adept  
  58  10:46  Adept  
  52  11:06  Sentry  
  52  11:07  Sentry x2  
  52  11:10  Probe  
  59  11:15  Observer  
  60  11:31  Probe  
  61  11:41  Disruptor  
  61  11:53  Probe  
  65  12:02  Observer  
  65  12:03  Probe  
  65  12:05  Probe  
  67  12:14  Adept x2  
  67  12:15  Adept  
  73  12:20  Observer  
  70  12:49  Probe  
  70  12:52  Stalker x3  
Show
View Real Time Build Order
Export as new Build Order

ButAlways Protoss 

Build Orders: Phoenix Opening 

Get SALT Encoding   

  12  0:00  Probe  
  13  0:12  Probe  
  14  0:17  Pylon  
  14  0:24  Probe  
  15  0:34  Probe  
  15  0:35  Gateway  
  15  0:42  Probe  
  16  0:47  Assimilator  
  17  0:52  Probe  
  17  0:55  Assimilator  
  18  1:00  Probe  
  18  1:08  Probe  
  19  1:12  Gateway  
  20  1:18  Probe  
  21  1:25  Cybernetics Core  
  21  1:31  Probe  
  22  1:36  Pylon  
  22  1:43  Probe  
  23  2:02  Stargate  
  23  2:05  Warp Gate  
  23  2:13  Stalker  
  23  2:15  Stalker  
  27  2:19  Pylon  
  27  2:38  Phoenix  
  27  2:43  Stalker  
  31  3:00  Pylon, Phoenix  
  33  3:17  Phoenix  
  35  3:30  Pylon  
  35  3:41  Phoenix  
  37  3:53  Zealot x2  
  41  3:57  Shield Battery  
  41  4:00  Shield Battery  
  41  4:11  Shield Battery  
  41  4:15  Void Ray  
  41  4:30  Stalker  
  41  4:31  Stalker  
  45  4:35  Pylon  
  39  4:56  Stalker x2  
  43  5:02  Probe  
  44  5:07  Void Ray  
  44  5:12  Shield Battery  
  48  5:25  Shield Battery  
  48  5:28  Adept  
  50  5:33  Stalker  
  52  5:49  Pylon  
  52  5:57  Adept x2  
  56  6:05  Robotics Facility  
  55  6:15  Shield Battery  
  55  6:24  Void Ray  
  59  6:41  Stalker x2  
  63  6:51  Immortal  
  63  7:05  Pylon  
  63  7:12  Pylon  
  63  7:30  Observer  
  63  7:32  Sentry  
  63  7:36  Pylon  
  66  7:40  Stalker  
  56  7:51  Warp Prism  
  56  7:54  Observer  
  46  8:08  Adept  
  46  8:09  Adept  
  50  8:15  Pylon  
  50  8:20  Robotics Bay  
  50  8:37  Immortal  
  52  8:54  Stalker  
  52  9:05  Shield Battery  
  52  9:14  Disruptor  
  53  9:35  Pylon  
  53  9:37  Pylon, Sentry  
  55  9:46  Stalker  
  57  9:55  Observer  
  57  9:59  Warp Prism  
  57  10:04  Observer  
  57  10:09  Observer  
  55  10:21  Adept x2  
  59  10:38  Disruptor  
  57  10:59  Observer, Adept x2  
  57  11:09  Disruptor  
  60  11:44  Observer  
  60  11:58  Nexus  
  60  12:05  Disruptor  
  63  12:17  Adept  
  53  12:25  Sentry  
Tags
 
Add a new tag
Caveats
  • Supply blocks, unpowered buildings, or Contaminate may cause inaccurate times.
  • Supply counts are checked every 10 seconds.